 Dungeon Crawl Stone Soup version 0.30-b1-2-g02819fbbbe (webtiles) character file.

Game seed: 3359110319240410697

62 snakesoul the Chiller (level 4, -1/30 HPs)
             Began as a Merfolk Ice Elementalist on June 13, 2023.
             Slain by a gnoll
             ... wielding a +0 flail
              (6 damage)
             ... on level 2 of the Dungeon.
             The game lasted 00:04:40 (1177 turns).

snakesoul the Chiller (Merfolk Ice Elementalist)    Turns: 1177, Time: 00:04:41

Health: -1/30      AC:  3    Str:  8    XL:     4   Next: 8%
Magic:  6/8        EV: 12    Int: 16    God:
Gold:   142        SH:  0    Dex: 14    Spells: 4/8 levels left

rFire   . . .        n - +0 spear
rCold   . . .        (no shield)
rNeg    . . .        a - +0 robe
rPois   .            (no helmet)
rElec   .            i - +0 cloak
rCorr   .            (no gloves)
SInv    .            (no boots)
Will    .....        (no amulet)
Stlth   ++           (no ring)
HPRegen 0.25/turn    (no ring)
MPRegen 0.11/turn

%: no passive effects
@: freezing walls
A: (nimble swimmer 2), mertail
a: no special abilities


You were on level 2 of the Dungeon.
You visited 1 branch of the dungeon, and saw 2 of its levels.

You collected 142 gold pieces.

Inventory:

Hand Weapons
 n - a +0 spear (weapon)
Armour
 a - a +0 robe (worn)
 i - a +0 cloak (worn)
Scrolls
 f - a scroll of enchant weapon {unknown}
 g - a scroll of acquirement {unknown}
 l - 3 scrolls of identify {unknown}
Potions
 c - a potion of might {unknown}
 e - 2 potions of heal wounds {unknown}
 h - a potion of flight {unknown}
 j - a potion of degeneration {unknown}
 k - a potion of mutation {unknown}
 m - a potion of curing {unknown}


   Skills:
 - Level 2.6 Dodging
 - Level 2.1 Stealth
 + Level 2.7 Spellcasting
 * Level 5.6 Ice Magic


You had 4 spell levels left.
You knew the following spells:

 Your Spells              Type           Power      Damage    Failure   Level
a - Freeze                Ice            80%        1d9       1%          1
b - Frozen Ramparts       Ice            40%        1d7       6%          3

Your spell library contained the following spells:

 Spells                   Type           Power      Damage    Failure   Level
 Ozocubu's Armour         Ice            20%        N/A       6%          3
 Summon Ice Beast         Ice/Summ       11%        N/A       52%         4


Dungeon Overview and Level Annotations

Branches:
Dungeon (2/15)

Altars:

Shops:
D:1 =*(*(


Innate Abilities, Weirdness & Mutations

((You are very nimble when in or above water. (Stealth+, EV+, Speed+++)))
Your lower body shifts to a powerful aquatic tail in water.


Message History

You are too injured to fight recklessly!
You are too injured to fight recklessly!
You are too injured to fight recklessly!
Casting: Freeze (safe; 1% risk of failure)
Confirm with . or Enter, or press ? or * to list all spells.
Casting: Frozen Ramparts (dangerous; 6% risk of failure)
Press: ? - help, Dir - look around, f - activate The walls around you are covered in ice.
The wall freezes the hobgoblin.
The wall freezes the gnoll but does no damage.
The gnoll hits you with a +0 flail!
* * * LOW HITPOINT WARNING * * *
The wall freezes the goblin.
You kill the goblin!
The wall freezes the kobold.
Reach: n) +0 spear
Press: ? - help, Dir - move target, f - gnoll
Aim: a gnoll, wielding a +0 flail (lightly wounded, about 36% to evade your +0 spear)
You hit the gnoll.
The gnoll is moderately wounded.
The wall freezes the hobgoblin.
You kill the hobgoblin!
The wall freezes the gnoll.
The gnoll barely misses you.
The wall freezes the kobold.
You kill the kobold!
Reach: n) +0 spear
Press: ? - help, Dir - move target, f/p - gnoll
Aim: a gnoll, wielding a +0 flail (heavily wounded, about 36% to evade your +0 spear)
You hit the gnoll but do no damage.
The gnoll is heavily wounded.
The wall freezes the gnoll.
The gnoll barely misses you.
Reach: n) +0 spear
Press: ? - help, Dir - move target, f/p - gnoll
Aim: a gnoll, wielding a +0 flail (severely wounded, about 36% to evade your +0 spear)
You hit the gnoll but do no damage.
The gnoll is severely wounded.
The wall freezes the gnoll but does no damage.
The gnoll hits you but does no damage.
The wall freezes the gnoll.
The gnoll hits you with a +0 flail.
You die...

###### . #....#
... #....#
.....########....#
....!)g@.........#
.....#######.....#
... ##....## .
#.....## .
#......# .
######.# . #.##
#..#### ##...##


You could see a gnoll.

Vanquished Creatures
  2 gnolls (D:2)
  An adder (D:2)
  5 bats
  2 endoplasms (D:1)
  A giant cockroach (D:1)
  3 goblins
  3 hobgoblins
  3 quokkas (D:1)
  3 ball pythons
  3 frilled lizards (D:1)
  7 kobolds
  A rat (D:1)
34 creatures vanquished.

Notes
Turn   | Place    | Note
-------+----------+-------------------------------------------
     0 | D:1      | snakesoul the Merfolk Ice Elementalist began the quest for
                  | the Orb.
     0 | D:1      | Reached XP level 1. HP: 13/13 MP: 3/3
   247 | D:1      | Reached XP level 2. HP: 19/19 MP: 3/5
   343 | D:1      | Found Ulod's Antique Weapon Shop.
   450 | D:1      | Found Viret's Assorted Antiques.
   527 | D:1      | Found Kuenuwy's Antique Weapon Emporium.
   536 | D:1      | Reached skill level 5 in Ice Magic
   664 | D:1      | Found Kyll's Jewellery Shoppe.
   685 | D:1      | Found Xierhekh's Assorted Antiques.
   821 | D:1      | Reached XP level 3. HP: 24/24 MP: 3/6
   825 | D:1      | Learned a level 3 spell: Frozen Ramparts
  1173 | D:2      | Reached XP level 4. HP: 12/30 MP: 0/8
  1177 | D:2      | Slain by a gnoll

Illustrated notes

Levels and vault maps discovered:
D:1:      minmay_arrival_wavy_path, layout_loops_ring, serial_shops, shop, shop,
          nicolae_shop_rolling_square, shop, shop
D:2:      layout_rooms, hellmonk_ecumenical_altar_slurped_away, corner_web_ring,
          minmay_randomly_rotated_circles

Skill      XL: |  1  2 |
---------------+-------+-----
Ice Magic      | 5 |  5.6
Dodging        | |  2.6
Stealth        | |  2.1
Spellcasting   | |  2.7

Action                     |  1- 3 |  4- 6 || total
---------------------------+-------+-------++-------
  Melee: Dagger            |     8 |       ||     8
         Punch             |     1 |       ||     1
         Spear             |    12 |     3 ||    15
   Cast: Freeze            |    43 |       ||    43
         Frozen Ramparts   |       |     1 ||     1
    Use: Potion            |       |     1 ||     1
   Stab: Sleeping          |     3 |       ||     3
 Armour: Robe              |     9 |     1 ||    10
  Dodge: Dodged            |    38 |     3 ||    41
